 Dungeon Crawl Stone Soup version bcrawl-1.27.8b (webtiles) character file.

Game seed: 17942357994754895573

344429 Queen the Grappler (level 8, -3/78 HPs)
             Began as a Troll Berserker on Nov 4, 2020.
             Was a Priest of Trog.
             Slain by a killer bee (5 damage)
             ... on level 5 of the Dungeon.
             The game lasted 00:08:46 (3666 turns).

Queen the Grappler (Troll Berserker)                Turns: 3666, Time: 00:08:47

Health: -3/78      AC:  7    Str: 28    XL:     8   Next: 63%
Magic:  7/7        EV: 11    Int:  4    God:    Trog [***...]
Gold:   318        SH:  0    Dex:  9    Spells: 7/7 levels left

rFire    . . .     SeeInvis .     - Claws (28.8)
rCold    . . .     Gourm    +   (no shield)
rNeg     . . .     Faith    .   (armour unavailable)
rPois    .         Spirit   .   (helmet restricted)
rElec    .         Reflect  .   (no cloak)
rCorr    .         Harm     .   (gloves unavailable)
MR       ++...                  (boots unavailable)
Stlth    +.........             (no amulet)
HPRegen  1.63/turn              (no ring)
MPRegen  0.10/turn              (no ring)

@: lethally poisoned (-3 -> -3), berserk cooldown, regenerating
A: large, almost no armour, claws 3, fast metabolism 3, gourmand, regeneration
1, AC +7
a: Berserk, Trog's Hand, Renounce Religion


You were on level 5 of the Dungeon.
You worshipped Trog.
Trog was most pleased with you.
You were very full.

You visited 1 branch of the dungeon, and saw 5 of its levels.

You collected 318 gold pieces.

Inventory:

Wands
 d - a wand of random effects (6)
 g - a wand of digging (9)
 q - a wand of enslavement (7)
Scrolls
 b - 3 scrolls of enchant armour
 c - 3 scrolls of remove curse
 f - a scroll of fog {unknown}
 h - 2 scrolls of immolation {unknown}
 k - 3 scrolls of teleportation {unknown}
 m - 2 scrolls of identify
 o - a scroll of torment {unknown}
Potions
 j - a potion of haste {unknown}
 l - a potion of degeneration {unknown}
 n - a potion of flight {unknown}
 p - 2 potions of lignification {unknown}
Comestibles
 e - 11 rations {!d}


   Skills:
 + Level 3.7 Fighting
 + Level 5.2 Dodging
 + Level 9.3 Unarmed Combat


You had 7 spell levels left.
You didn't know any spells.
Your spell library was empty.

Dungeon Overview and Level Annotations

Branches:
Dungeon (5/12)
 Temple: D:4-7

Altars:
Qazlal
Sif Muna
Wu Jian
Xom

Shops:
D:5 %

Annotations:
D:5 1 transporter


Innate Abilities, Weirdness & Mutations

You cannot wear most types of armour.
Your thick skin is tough. (AC +7)
You are too large for most types of armour.
You have claws for hands.
Your metabolism is lightning-fast.
You like to eat raw meat.
Your natural rate of healing is unusually fast.


Message History

There is a transporter landing site here.
You feel a strong urge to attack something.
You feel sick. The killer bee closely misses you.
You feel sick. The killer bee stings you.
* * * LOW HITPOINT WARNING * * *
You are more poisoned.
The killer bee poisons you! The killer bee stings you!
* * * LOW HITPOINT WARNING * * *
You feel your anger nearly subside.
You are no longer berserk.
Trog's vigour flows through your veins.
You are exhausted.
You feel yourself slow down.
You feel sick.
It was a potion of cancellation.
Your magical effects are unravelling.
You feel magically purged.
You feel yourself speed up.
You feel very sick.
The killer bee stings you but does no damage. x2
The killer bee stings you.
You die...

######.##.##...#...##.# #.#
#.........##.#$###.##.# #.#
#.........##...#...##.# ##.#
#.........#.#.#.#.#$#.# #...
#.........#..#...#.?#.## #...
#........©#©.#.#.#.y#©.###...
#....[....#y.#...#.y#........
#########.#y#y#.#.#y#.####...
#.##@..#...##.####...
#.##.#.#.####.##.....
#.##...#...##.##.....
#.###.###.###.##.)...
#..#########..##.....
##..###.###...##.....
##.........#.#######
#####....##.# ####.##.# ####


You could see 3 killer bees.

Vanquished Creatures
  The ghost of Quickbrownfox the Ducker, a novice MiAc of Qazlal (D:5)
  The ghost of BeastOfSaturn the Ogre Mage, an amateur OgWz (D:3)
  An ice beast (D:5)
  A phantom (D:5)
  2 centaurs (D:5)
  3 ogres
  A bullfrog (D:4)
  A killer bee (D:5)
  2 crimson imps
  A hound (D:2)
  2 orc wizards (D:5)
  A gnoll shaman (D:5)
  An iguana (D:5)
  3 worker ants
  A killer bee zombie (D:5)
  8 adders
  5 gnolls
  2 oozes (D:1)
  An adder skeleton (D:5)
  3 worms
  4 dart slugs
  3 leopard geckos
  5 orcs
  4 bats
  3 giant cockroaches
  2 goblins (D:3)
  5 hobgoblins
  5 jackals
  6 kobolds
  7 frilled lizards
  8 rats
93 creatures vanquished.

Notes
Turn   | Place    | Note
-------+----------+-------------------------------------------
     0 | D:1      | Queen the Troll Berserker began the quest for the Orb.
     0 | D:1      | Reached XP level 1. HP: 22/22 MP: 0/0
   214 | D:1      | Reached XP level 2. HP: 29/29 MP: 1/1
   857 | D:1      | Reached XP level 3. HP: 26/36 MP: 2/2
   905 | D:2      | Found a shimmering altar of Xom.
  1020 | D:2      | Found a shimmering altar of Xom.
  1031 | D:2      | Found a shimmering altar of Xom.
  1032 | D:2      | Found a shimmering altar of Xom.
  1032 | D:2      | Found a shimmering altar of Xom.
  1032 | D:2      | Found a shimmering altar of Xom.
  1033 | D:2      | Found a shimmering altar of Xom.
  1033 | D:2      | Found a shimmering altar of Xom.
  1089 | D:2      | Reached skill level 4 in Unarmed Combat
  1109 | D:2      | Gained mutation: Your natural rate of healing is unusually
                  | fast. [Troll growth]
  1109 | D:2      | Reached XP level 4. HP: 44/44 MP: 3/3
  1141 | D:2      | Reached ** piety under Trog
  1617 | D:3      | Reached XP level 5. HP: 44/53 MP: 4/4
  1803 | D:3      | Found a runed translucent door.
  1804 | D:3      | Noticed BeastOfSaturn's ghost (amateur OgWz)
  1951 | D:3      | Noticed an ogre
  1967 | D:3      | Killed an ogre
  1967 | D:3      | Reached skill level 5 in Unarmed Combat
  2043 | D:3      | Found a stormy altar of Qazlal.
  2113 | D:3      | Killed BeastOfSaturn's ghost
  2113 | D:3      | Reached XP level 6. HP: 61/61 MP: 5/5
  2173 | D:4      | Reached skill level 6 in Unarmed Combat
  2265 | D:4      | Reached XP level 7. HP: 67/67 MP: 6/6
  2845 | D:5      | Entered Level 5 of the Dungeon
  2871 | D:5      | Reached *** piety under Trog
  2899 | D:5      | Reached skill level 7 in Unarmed Combat
  2939 | D:5      | Found an ornate altar of the Wu Jian Council.
  3181 | D:4      | Reached skill level 8 in Unarmed Combat
  3181 | D:4      | Reached XP level 8. HP: 53/75 MP: 7/7
  3317 | D:5      | Found Toacril's Food Boutique.
  3395 | D:5      | Found a shimmering blue altar of Sif Muna.
  3464 | D:5      | Found a transporter.
  3479 | D:5      | Found a transporter.
  3486 | D:5      | Noticed Quickbrownfox's ghost (novice MiAc)
  3657 | D:5      | Killed Quickbrownfox's ghost
  3657 | D:5      | Reached skill level 5 in Dodging
  3657 | D:5      | Reached skill level 9 in Unarmed Combat
  3664 | D:5      | HP: 3/117 [killer bee (8)]
  3666 | D:5      | Slain by a killer bee

Skill      XL: |  1  2  3  4  5  6  7  8 |
---------------+-------------------------+-----
Dodging        | 3 4 5 |  5.2
Unarmed Combat | 4 5 6 8 9 |  9.3
Fighting       | 3 |  3.7

Action                   |  1- 3 |  4- 6 |  7- 9 || total
-------------------------+-------+-------+-------++-------
Melee: Unarmed           |    75 |    94 |   111 ||   280
       Punch             |     3 |       |     5 ||     8
Invok: Berserk           |       |     3 |     1 ||     4
       Trog's Hand       |       |       |     1 ||     1
  Use: Scroll            |       |     3 |       ||     3
       Potion            |       |       |     1 ||     1
  Eat: Chunk             |    14 |    12 |     9 ||    35
Armor: Skin              |    29 |    27 |    41 ||    97
Dodge: Dodged            |    48 |    45 |    90 ||   183
